 Dungeon Crawl Stone Soup version 0.29-a0-541-gaf1fc19f1b (webtiles) character file.

Game seed: 9574755894724523464

288 IdlyInterested the Ducker (level 6, -3/44 HPs)
             Began as a Demonspawn Gladiator on June 2, 2022.
             Slain by an orc warrior
             ... wielding a +0 hand axe
              (6 damage)
             ... on level 4 of the Dungeon.
             The game lasted 00:08:55 (3243 turns).

IdlyInterested the Ducker (Demonspawn Gladiator)    Turns: 3243, Time: 00:08:56

Health: -3/44      AC: 19    Str: 16    XL:     6   Next: 9%
Magic:  7/7        EV:  5    Int:  9    God:
Gold:   93         SH:  0    Dex: 15    Spells: 7/7 levels left

rFire   . . .      SeeInvis .   a - +0 flail
rCold   . . .      Faith    .   (no shield)
rNeg    . . .      Spirit   .   p - +0 plate armour
rPois   .          Reflect  .   s - +2 helmet
rElec   .          Harm     .   w - +0 cloak
rCorr   .          Rampage  .   (no gloves)
Will    .....                   o - +0 pair of boots
Stlth   ..........              f - amulet of magic regeneration
HPRegen 0.14/turn               (no ring)
MPRegen 0.60/turn               (no ring)

@: no status effects
A: yellow scales 2, magic regeneration, demonic touch 1
a: no special abilities


You were on level 4 of the Dungeon.
You visited 1 branch of the dungeon, and saw 4 of its levels.

You collected 115 gold pieces.
You spent 22 gold pieces at shops.

Inventory:

Hand Weapons
 a - a +0 flail (weapon)
Missiles
 c - 5 boomerangs
 d - 2 throwing nets
 e - a javelin
 g - 4 poisoned darts (quivered)
 j - 159 stones
Armour
 o - a +0 pair of boots (worn)
 p - a +0 plate armour (worn)
 s - a +2 helmet (worn)
 w - a +0 cloak (worn)
 y - a +0 scale mail
Jewellery
 f - an amulet of magic regeneration (around neck)
Wands
 r - a wand of flame (6)
 x - a wand of polymorph (9)
Scrolls
 b - a scroll of identify
 h - a scroll of teleportation {unknown}
 l - a scroll of magic mapping {unknown}
 u - a scroll of noise {unknown}
Potions
 i - a potion of haste
 k - 5 potions of flight
 m - a potion of resistance {unknown}
 n - 2 potions of attraction
 q - 2 potions of heal wounds
 v - 2 potions of curing {unknown}


   Skills:
 - Level 2.0 Fighting
 * Level 4.1 Maces & Flails
 - Level 1.7 Throwing
 + Level 1.9 Armour
 * Level 4.1 Dodging
 * Level 1.9 Unarmed Combat
 - Level 1.0 Spellcasting


You had 7 spell levels left.
You didn't know any spells.
Your spell library contained the following spells:

 Spells                   Type           Power      Damage    Failure   Level
 Sandblast                Erth           0%         2d4       100%        1
 Passwall                 Tmut/Erth      0%         N/A       100%        2
 Stone Arrow              Conj/Erth      0%         3d7       100%        3
 Leda's Liquefaction      Hex/Erth       0%         N/A       100%        4
 Lee's Rapid Deconstruct  Erth           0%         3d5*      100%        5
 Statue Form              Tmut/Erth      0%         N/A       100%        6


Dungeon Overview and Level Annotations

Branches:
Dungeon (4/15)
 Temple: D:4-7

Altars:
Gozag

Shops:
D:1 ?   D:4 *


Innate Abilities, Weirdness & Mutations

You are mostly covered in yellow scales. (AC +3)
You regenerate magic rapidly.
Your touch may inflict minor irresistible damage on your foes.


Message History

Found a stone staircase leading down.
There is a stone staircase leading down here.
There is a stone staircase leading down here.
You see here a +0 club.
Found a stone staircase leading down.
There is a stone staircase leading down here.
An orc warrior and 2 orc priests come into view.
The orc priest shouts!
You hear a shout! x2
An orc priest comes into view. It is wielding a +0 club.
The orc priest invokes the aid of Beogh against you.
Beogh smites you!
An orc priest comes into view. It is wielding a +1 vorpal trident.
The orc priest calls down the wrath of Beogh upon you.
Beogh smites you!
You barely miss the orc priest.
The orc priest invokes the aid of Beogh against you.
Pain shoots through your body!
* * * LOW HITPOINT WARNING * * *
The orc priest barely misses you.
You hit the orc priest.
You touch the orc priest.
The orc priest is heavily wounded.
The orc priest calls down the wrath of Beogh upon you.
You barely resist. You thump the orc priest!
You kill the orc priest!
You have reached level 6!
It was a potion of heal wounds.
You feel much better.
Aiming: Polymorph
Press: ? - help, Shift-Dir - straight line, f - orc warrior
Aim: an orc warrior, wielding a +0 hand axe and wearing a +0 plate armour (will become a jelly, an acid dragon, or a gnoll, chance to affect: 49%)
The orc warrior resists with some effort.
The orc warrior hits you but does no damage.
You hit the orc warrior.
You touch the orc warrior!
The orc warrior is heavily wounded.
The orc priest looks braver for a moment.
The orc priest calls down the wrath of Beogh upon you.
Beogh smites you!
* * * LOW HITPOINT WARNING * * *
The orc warrior hits you with a +0 hand axe.
You die...

... #.# ### #.#
#.# #.# #.#
#.########
#.>......#
##########
########.#
..o.ooo@.# #.#
########.# #.#
##.## #.#
#...###########.#
#...............#
#######
#...#############
....... #####
#######


You could see an orc warrior and 3 orc priests.

Vanquished Creatures
  2 orc priests (D:4)
  A hound (D:4)
  Crazy Yiuf (D:3)
  An orc wizard (D:4)
  Robin (D:3)
  3 adders
  2 dart slugs
  3 orcs
  3 bats
  9 endoplasms
  6 giant cockroaches
  11 goblins
  14 hobgoblins
  2 jackals (D:4)
  3 quokkas
  11 ball pythons
  2 frilled lizards
  9 kobolds
  6 rats
90 creatures vanquished.

Notes
Turn   | Place    | Note
-------+----------+-------------------------------------------
     0 | D:1      | IdlyInterested the Demonspawn Gladiator began the quest for
                  | the Orb.
     0 | D:1      | Reached XP level 1. HP: 16/16 MP: 1/1
    21 | D:1      | Found a faded altar of an unknown god.
   127 | D:1      | Gained mutation: Your touch may inflict minor irresistible
                  | damage on your foes. [demonic ancestry]
   127 | D:1      | Reached XP level 2. HP: 15/22 MP: 2/2
   219 | D:1      | Found Buva's Magic Scroll Emporium.
   726 | D:1      | Bought a scroll of identify for 22 gold pieces
   971 | D:2      | Gained mutation: You regenerate magic rapidly. [demonic
                  | ancestry]
   971 | D:2      | Reached XP level 3. HP: 22/27 MP: 3/3
  1107 | D:2      | Reached skill level 1 in Armour
  1108 | D:2      | Reached skill level 1 in Unarmed Combat
  1156 | D:2      | You fall into a shaft and drop 2 floors!
  1346 | D:3      | Noticed Robin
  1363 | D:3      | Killed Robin
  1364 | D:3      | Gained mutation: You are partially covered in yellow
                  | scales. (AC +2) [demonic ancestry]
  1364 | D:3      | Reached XP level 4. HP: 29/33 MP: 4/4
  2137 | D:3      | Found a runed translucent door.
  2138 | D:3      | Noticed Crazy Yiuf
  2436 | D:3      | Killed Crazy Yiuf
  2437 | D:3      | Reached skill level 1 in Spellcasting
  2437 | D:3      | Gained mutation: You are mostly covered in yellow scales.
                  | (AC +3) [demonic ancestry]
  2437 | D:3      | Reached XP level 5. HP: 38/38 MP: 6/6
  2477 | D:4      | Found Cavverha's Commerce Corner.
  2905 | D:4      | Found an opulent altar of Gozag.
  3236 | D:4      | Noticed an orc warrior
  3238 | D:4      | HP: 1/38 [orc priest/nerve-wracking pain (13)]
  3241 | D:4      | Reached XP level 6. HP: 2/44 MP: 7/7
  3243 | D:4      | Slain by an orc warrior

Illustrated notes

Levels and vault maps discovered:
D:1:      dpeg_arrival_simpleton_c, layout_rooms,
          hellmonk_ecumenical_altar_run_dry, serial_shops,
          nicolae_shop_waterfront, serial_park_tiny_1
D:2:      layout_rooms, serial_curves, eino_curves_03, eino_curves_03,
          minmay_split_cup_large
D:3:      layout_loops_ring, uniq_crazy_yiuf_cottage, uniq_robin
D:4:      layout_loops_ring, nicolae_hepliaklqana_monster_ancestors,
          overflow_temple_1_default, chequers_decorated_corner,
          nicolae_alphabet_shops

Skill      XL: |  1  2  3  4  5 |
---------------+----------------+-----
Maces & Flails | 3 4 |  4.1
Dodging        | 3 4 |  4.1
Armour         | 1 |  1.9
Unarmed Combat | 1 |  1.9
Spellcasting   | 1 |  1.0
Fighting       | |  2.0
Throwing       | |  1.7

Action                   |  1- 3 |  4- 6 || total
-------------------------+-------+-------++-------
Melee: Flail             |    83 |    98 ||   181
       Touch             |     9 |    19 ||    28
       Punch             |     2 |     3 ||     5
Throw: Dart              |     2 |       ||     2
       Throwing net      |       |     1 ||     1
Evoke: Wand              |       |     1 ||     1
  Use: Scroll            |     6 |     1 ||     7
       Potion            |       |     1 ||     1
 Stab: Held in net/web   |       |     1 ||     1
Armor: Chain mail        |    39 |       ||    39
       Leather armour    |     2 |       ||     2
       Plate armour      |    22 |    63 ||    85
Dodge: Dodged            |    32 |    26 ||    58

Table legend: (Time is in decaauts)
 A = Elapsed time spent in this place.
 B = Non-inter-level travel time spent in this place.
 C = Inter-level travel time spent in this place.
 D = Time resting spent in this place.
 E = Time spent auto-exploring this place.
 F = Levels seen in this place.
 G = Mean time per level.
                   A        B        C        D        E       F      G
               +--------+--------+--------+--------+--------+-----+--------+
         Total |   3282 |   3200 |     82 |    616 |   1803 |   4 |  820.5 |
       Dungeon |   3282 |   3200 |     82 |    616 |   1803 |   4 |  820.5 |
               +--------+--------+--------+--------+--------+-----+--------+

Top non-repeatable levels by time:
     D:4: 949 daAuts
     D:1: 850 daAuts
     D:3: 779 daAuts
     D:2: 702 daAuts
